 Dungeon Crawl Stone Soup version 0.20.0-7-g3b7b877 (webtiles) character file.

111 McKennaii the Sneak (level 4, -2/29 HPs)
             Began as an Octopode Assassin on May 28, 2017.
             Killed from afar by xhc's ghost (6 damage)
             ... with a sting
             ... on level 3 of the Dungeon.
             The game lasted 00:01:20 (1410 turns).

McKennaii the Sneak (Octopode Assassin)             Turns: 1410, Time: 00:01:21

Health: -2/29      AC:  1    Str: 10    XL:     4   Next: 92%
Magic:  4/4        EV: 13    Int: 13    God:
Gold:   69         SH:  0    Dex: 14    Spells: 3/3 levels left

rFire    . . .     SeeInvis .   a - +2 dagger
rCold    . . .     Gourm    .   (no shield)
rNeg     . . .     Faith    .   (helmet restricted)
rPois    .         Spirit   .   o - amulet of regeneration
rElec    .         Reflect  .   (no ring)
rCorr    .         Harm     .   (no ring)
MR       .....                  (no ring)
Stlth    +++++.....             (no ring)
Regen    0.5/turn               (no ring)
MPRegen  0.1/turn               (no ring)
                                (no ring)
                                (no ring)

@: lethally poisoned (-2 -> -9)
A: almost no armour, stealthy swim, amphibious, 8 rings, constrict 8, camouflage
1, gelatinous body 1
a: no special abilities


You were on level 3 of the Dungeon.
You were very hungry.

You visited 1 branch of the dungeon, and saw 3 of its levels.

You collected 69 gold pieces.

Inventory:

Hand Weapons
 a - a +2 dagger (weapon)
 b - a +0 blowgun
Missiles
 c - 18 poisoned needles
 d - 2 curare-tipped needles
Jewellery
 o - an amulet of regeneration (around mantle)
Scrolls
 g - a scroll of fear {unknown}
 h - a scroll of identify {unknown}
 i - 2 scrolls of immolation {unknown}
 m - a scroll of remove curse {unknown}
 q - a scroll of teleportation {unknown}
Potions
 e - a potion of degeneration {unknown}
 k - 2 potions of curing {unknown}
 p - a potion of heal wounds {unknown}
Comestibles
 f - 2 bread rations
 j - a royal jelly
 l - 2 fruits
 n - a meat ration


   Skills:
 + Level 2.2 Fighting
 + Level 3.0 Short Blades
 + Level 2.2 Throwing
 + Level 1.1 Dodging
 + Level 7.4 Stealth


You had 3 spell levels left.
You didn't know any spells.

Dungeon Overview and Level Annotations

Branches:
Dungeon (3/15)

Altars:
Gozag

Annotations:
D:3 xhc's ghost, amateur OpVM


Innate Abilities, Weirdness & Mutations

You cannot wear most types of armour.
You are very stealthy in the water. (Stealth+)
You are amphibious.
You can wear up to eight rings at the same time.
You can use your tentacles to constrict eight enemies at once.
Your skin changes colour to match your surroundings (Stealth+).
Your rubbery body absorbs attacks. (AC +1, EV +1)


Message History

You feel sick.
Xhc's ghost stares at you and mumbles some strange words.
The sting hits you!
You are more poisoned.
* * * LOW HITPOINT WARNING * * *
* * * LOW HITPOINT WARNING * * *
You feel sick.
You see here a giant club.
* * * LOW HITPOINT WARNING * * *
You feel sick.
* * * LOW HITPOINT WARNING * * *
You feel sick.
* * * LOW HITPOINT WARNING * * *
You feel sick.
* * * LOW HITPOINT WARNING * * *
You feel sick. Xhc's ghost casts a spell at you. The sting hits you!
You are lethally poisoned!
You die...

#.......# #.......#
#.......# #.......# .
#.......### .#
#.........# ..
####.#.##.# .#
#.#.##.##..#.# #
#.@..........#
...#####...##.##.
#..........W#)##..##
#..###...............
##.....######..)
#.......## ####.#.##
...### #####


You could see xhc's ghost.

Vanquished Creatures
  An ogre (D:3)
  A leopard gecko (D:1)
  2 giant cockroaches (D:1)
  A goblin (D:1)
  4 hobgoblins
  4 kobolds
  A ball python (D:1)
  4 bats (D:1)
  2 frilled lizards (D:2)
  7 rats
27 creatures vanquished.

Notes
Turn   | Place    | Note
-------+----------+-------------------------------------------
     0 | D:1      | McKennaii the Octopode Assassin began the quest for the Orb.
     0 | D:1      | Reached XP level 1. HP: 14/14 MP: 1/1
    61 | D:1      | Reached XP level 2. HP: 18/19 MP: 2/2
   254 | D:1      | Reached skill level 6 in Stealth
   766 | D:2      | Reached XP level 3. HP: 24/24 MP: 3/3
   774 | D:2      | Found an opulent altar of Gozag.
  1322 | D:3      | Noticed an ogre
  1328 | D:3      | Killed an ogre
  1328 | D:3      | Reached skill level 7 in Stealth
  1328 | D:3      | Reached XP level 4. HP: 29/29 MP: 4/4
  1397 | D:3      | Noticed xhc's ghost (amateur OpVM)
  1410 | D:3      | Killed from afar by xhc's ghost

Skill      XL: |  1  2  3 |
---------------+----------+-----
Stealth        | 6 7 |  7.4
Short Blades   | 3 |  3.0
Fighting       | |  2.2
Throwing       | |  2.2
Dodging        | |  1.1

Action                   |  1- 3 |  4- 6 || total
-------------------------+-------+-------++-------
Melee: Dagger            |    47 |     8 ||    55
       Constrict         |    10 |       ||    10
       Tentacles         |     4 |     1 ||     5
 Stab: Sleeping          |     9 |       ||     9
       Distracted        |     1 |       ||     1
Armor: Skin              |     5 |     1 ||     6
Dodge: Dodged            |    24 |     1 ||    25
